 Dungeon Crawl Stone Soup version 0.21.1-1-g345015f (webtiles) character file.

149 letownia2 the Charmwright (level 5, 0/43 HPs)
             Began as a Gnoll Skald on Feb 26, 2018.
             Slain by a gnoll
             ... wielding a +0 spear
              (8 damage)
             ... on level 4 of the Dungeon.
             The game lasted 00:04:41 (555 turns).

letownia2 the Charmwright (Gnoll Skald)              Turns: 555, Time: 00:04:42

Health: 0/43       AC:  3    Str: 14    XL:     5   Next: 31%
Magic:  7/12       EV: 14    Int: 16    God:
Gold:   86         SH:  0    Dex: 14    Spells: 3/14 levels left

rFire    . . .     SeeInvis .   a - +0 mace
rCold    . . .     Gourm    .   (no shield)
rNeg     . . .     Faith    +   b - +0 leather armour
rPois    .         Spirit   .   (no helmet)
rElec    .         Reflect  .   (no cloak)
rCorr    .         Harm     .   (no gloves)
MR       .....                  (no boots)
Stlth    ++........             e - amulet of faith
HPRegen  0.14/turn              (no ring)
MPRegen  0.13/turn              (no ring)

@: lethally poisoned (0 -> -6), singing
A: distributed training, fangs 1, strong nose
a: no special abilities


You were on level 4 of the Dungeon.
You were not hungry.

You visited 1 branch of the dungeon, and saw 4 of its levels.

You collected 86 gold pieces.

Inventory:

Hand Weapons
 a - a +0 mace (weapon)
 g - a +0 whip
 n - a +0 hunting sling
 r - a +0 spear
Missiles
 h - 27 stones (quivered)
 k - 26 sling bullets
 m - 15 bolts
Armour
 b - a +0 leather armour (worn)
Jewellery
 e - an amulet of faith (around neck)
Scrolls
 f - 5 scrolls of identify {unknown}
 l - a scroll of fog {unknown}
Potions
 i - 2 potions of might
 j - a potion of agility {unknown}
 o - a potion of cancellation {unknown}
 q - a potion of heal wounds {unknown}
Books
 c - a book of Battle

   Spells                             Type                      Level
   a - Infusion                       Charms                       1
   b - Shroud of Golubria             Charms/Translocation         2
   c - Song of Slaying                Charms                       2
   d - Spectral Weapon                Hexes/Charms                 3
   e - Regeneration                   Charms/Necromancy            3
Comestibles
 d - 5 rations
 p - 2 chunks of flesh


   Skills:
 + Level 4.7 Fighting
 + Level 1.4 Short Blades
 + Level 1.4 Long Blades
 + Level 1.4 Axes
 + Level 4.7 Maces & Flails
 + Level 1.4 Polearms
 + Level 1.4 Staves
 + Level 1.4 Slings
 + Level 1.4 Bows
 + Level 1.4 Crossbows
 + Level 1.4 Throwing
 + Level 2.9 Armour
 + Level 4.7 Dodging
 + Level 1.4 Stealth
 + Level 1.4 Shields
 + Level 1.4 Unarmed Combat
 + Level 5.1 Spellcasting
 + Level 1.1 Conjurations
 + Level 1.1 Hexes
 + Level 5.5 Charms
 + Level 1.1 Summonings
 + Level 1.1 Necromancy
 + Level 1.1 Translocations
 + Level 1.1 Transmutations
 + Level 1.1 Fire Magic
 + Level 1.1 Ice Magic
 + Level 1.1 Air Magic
 + Level 1.1 Earth Magic
 + Level 1.1 Poison Magic
 + Level 1.5 Invocations
 + Level 1.4 Evocations


You had 3 spell levels left.
You knew the following spells:

 Your Spells              Type           Power        Failure   Level  Hunger
a - Infusion              Chrm           ###.         1%          1    None
g - Regeneration          Chrm/Necr      ##........   14%         3    ###....
l - Song of Slaying       Chrm           ###.....     2%          2    #......
t - Shroud of Golubria    Chrm/Tloc      ##........   7%          2    #......
x - Spectral Weapon       Hex/Chrm       ##......     14%         3    ###....


Dungeon Overview and Level Annotations

Branches:
Dungeon (4/15)
 Temple: D:4-7

Altars:


Innate Abilities, Weirdness & Mutations

Your experience applies equally to all skills.
You have very sharp teeth.
Your uncanny sense of smell can sniff out nearby items.


Message History

Unknown command.
You barely miss the worker ant.
Your shroud bends the worker ant's attack away.
The gnoll closely misses you.
Unknown command.
You barely miss the worker ant. You bite the worker ant.
The worker ant is lightly wounded.
Your shroud unravels.
The worker ant closely misses you.
The worker ant bites you but does no damage.
Unknown command.
You hit the worker ant.
The worker ant is moderately wounded.
The gnoll barely misses you. The gnoll hits you with a flail.
The worker ant bites you.
* * * LOW HITPOINT WARNING * * *
You are poisoned.
The worker ant poisons you!
The gnoll hits you from afar with a spear!
You die...

##...#.h.#..........
##.......[g..........
#.......##.#.........
#.......#g.# .......
#...>...#.## .[.....
##........####O.(....
#......g.gg.........
#.......g####.######
#........@aw..#
#.......#######
##.....## ##...##
####


You could see a worm, a worker ant and 2 gnolls.

Vanquished Creatures
  A bullfrog (D:2)
  A hound (D:4)
  3 adders
  A dart slug (D:2)
  2 giant cockroaches
  4 goblins
  2 hobgoblins
  4 jackals (D:3)
  A quokka (D:4)
  3 bats
  A frilled lizard (D:2)
  3 kobolds
  2 rats (D:2)
28 creatures vanquished.

Notes
Turn   | Place    | Note
-------+----------+-------------------------------------------
     0 | D:1      | letownia2 the Gnoll Skald began the quest for the Orb.
     0 | D:1      | Reached XP level 1. HP: 20/20 MP: 6/6
   228 | D:2      | Reached XP level 2. HP: 24/26 MP: 7/7
   275 | D:2      | Learned a level 2 spell: Shroud of Golubria
   293 | D:2      | Reached skill level 5 in Spellcasting
   293 | D:2      | Reached XP level 3. HP: 27/31 MP: 6/9
   373 | D:2      | Noticed a bullfrog
   382 | D:2      | HP: 1/31 [bullfrog (1)]
   385 | D:2      | Killed a bullfrog
   385 | D:2      | Reached skill level 1 in Short Blades
   385 | D:2      | Reached skill level 1 in Long Blades
   385 | D:2      | Reached skill level 1 in Axes
   385 | D:2      | Reached skill level 1 in Polearms
   385 | D:2      | Reached skill level 1 in Staves
   385 | D:2      | Reached skill level 1 in Slings
   385 | D:2      | Reached skill level 1 in Bows
   385 | D:2      | Reached skill level 1 in Crossbows
   385 | D:2      | Reached skill level 1 in Throwing
   385 | D:2      | Reached skill level 1 in Stealth
   385 | D:2      | Reached skill level 1 in Shields
   385 | D:2      | Reached skill level 1 in Unarmed Combat
   385 | D:2      | Reached skill level 1 in Conjurations
   385 | D:2      | Reached skill level 1 in Hexes
   385 | D:2      | Reached skill level 1 in Summonings
   385 | D:2      | Reached skill level 1 in Necromancy
   385 | D:2      | Reached skill level 1 in Translocations
   385 | D:2      | Reached skill level 1 in Transmutations
   385 | D:2      | Reached skill level 1 in Fire Magic
   385 | D:2      | Reached skill level 1 in Ice Magic
   385 | D:2      | Reached skill level 1 in Air Magic
   385 | D:2      | Reached skill level 1 in Earth Magic
   385 | D:2      | Reached skill level 1 in Poison Magic
   385 | D:2      | Reached skill level 1 in Invocations
   385 | D:2      | Reached skill level 1 in Evocations
   385 | D:2      | Reached XP level 4. HP: 2/38 MP: 6/11
   449 | D:3      | Learned a level 2 spell: Song of Slaying
   453 | D:3      | Learned a level 3 spell: Regeneration
   457 | D:3      | Learned a level 3 spell: Spectral Weapon
   518 | D:4      | Reached XP level 5. HP: 29/43 MP: 6/12
   539 | D:4      | Noticed an ogre
   555 | D:4      | Slain by a gnoll

Skill      XL: |  1  2  3 |
---------------+----------+-----
Spellcasting   | 5 |  5.1
Short Blades   | 1 |  1.4
Long Blades    | 1 |  1.4
Axes           | 1 |  1.4
Polearms       | 1 |  1.4
Staves         | 1 |  1.4
Slings         | 1 |  1.4
Bows           | 1 |  1.4
Crossbows      | 1 |  1.4
Throwing       | 1 |  1.4
Stealth        | 1 |  1.4
Shields        | 1 |  1.4
Unarmed Combat | 1 |  1.4
Conjurations   | 1 |  1.1
Hexes          | 1 |  1.1
Summonings     | 1 |  1.1
Necromancy     | 1 |  1.1
Translocations | 1 |  1.1
Transmutations | 1 |  1.1
Fire Magic     | 1 |  1.1
Ice Magic      | 1 |  1.1
Air Magic      | 1 |  1.1
Earth Magic    | 1 |  1.1
Poison Magic   | 1 |  1.1
Invocations    | 1 |  1.5
Evocations     | 1 |  1.4
Fighting       | |  4.7
Maces & Flails | |  4.7
Armour         | |  2.9
Dodging        | |  4.7
Charms         | |  5.5

Action                   |  1- 3 |  4- 6 || total
-------------------------+-------+-------++-------
Melee: Mace              |    65 |    30 ||    95
       Bite              |     7 |     3 ||    10
 Cast: Shroud of Golubri |     3 |     6 ||     9
       Infusion          |     1 |       ||     1
       Regeneration      |       |     1 ||     1
       Song of Slaying   |       |     1 ||     1
  Use: Potion            |     1 |       ||     1
Armor: Leather armour    |    19 |     5 ||    24
Dodge: Dodged            |    89 |    39 ||   128
